Unix NetHack Version 3.7.0-89 Work-in-progress - last build Nov 29 2023 03:14:05 (8663f69846b387d428bf56816b0fc57e108cd183,branch:master). Game began 2023-10-31 14:34:20, ended 2023-12-13 16:43:32. xororand, neutral male human Priest --..-- -- -- |)...|..-- ---- . |.--.-- . |.[[.....| ---..-- --... ........... |.|......| |.....-- |../- -.............-- |.|-.|..-- --......-- -....-------- |..............| --- |.| -......... .....))..)..| --............-- |..----- |.|.. -..........- ....-----.*.-- |...>%.....0.-- |......| |.[?-- --...........---- -...-- |.....| -....|.......| |.----.--- |.)[.|..------.............|.----....| --....| --.--|...^)..| |.-- |...----|.--..............................%..-- ---.-- |.| ---..|.-- |..| ---.....|.||....----.*..-------.---...........| --------)| --.|-- --.| -----.|)| |....| --- ---.........-- |.)...| --.| -.. |%|.| |<...---- |....(.....--- |)------- |..| |... |...| --......----- --..........| |.| -....|.-- -..- --..| |..%..%j...| -..........-----.| .......| |..-- ---- ----..........| .----...........| -......-- |..| |........--.%-- |.....------- |.......| ---- |....--------- --..-- --.....-- ---. - .-- Xororand the Priest St:18/01 Dx:14 Co:17 In:13 Wi:17 Ch:9 Neutral S:30598 Dlvl:9 $:436 HP:0(90) Pw:3(117) AC:1 Xp:10/6949 T:15332 Satiated Blind Latest messages: The rothe hits! The rothe bites! The rothe misses! You hit the rothe! You kill the rothe! The troll hits! The troll misses! The troll bites! In what direction? . You feel better. The troll hits! The troll misses! The troll bites! In what direction? . You feel better. The troll hits! The troll hits! The troll bites! You hit the troll! The troll hits! The troll hits! The troll bites! What do you want to zap? [dnquyEGOTW or ?*] ? In what direction? b The bolt of lightning hits the troll! The bolt of lightning bounces! The troll just misses! The troll hits! The troll bites! What do you want to zap? [dnquyEGOTW or ?*] d In what direction? n The bolt of lightning bounces! The bolt of lightning hits you! But it reflects from your medallion! You are blinded by the flash! The troll hits! The troll hits! The troll bites! What do you want to write with? [- adlnqruyE-IKOQTWX or ?*] ? You engrave in the floor with a wand of digging. What do you want to engrave in the floor here? Elbereth You hear drilling! It engulfs you! You are covered in slime! It burns! You die... Do you want your possessions identified? [ynq] (y) n Do you want to see your attributes? [ynq] (y) n Do you want an account of creatures vanquished? [ynaq] (y) n Do you want to see your conduct and achievements? [ynq] (y) n Do you want to see the dungeon overview? [ynq] (y) n Inventory: Coins $ - 436 gold pieces Amulets A - an amulet of flying N - an amulet of reflection (being worn) Weapons a - a blessed corroded +1 mace (weapon in hand) X - a +1 mace Armor g - a +0 elven leather helm (being worn) x - a +0 pair of leather gloves (being worn) J - a +0 pair of iron shoes (being worn) c - a +0 small shield (being worn) b - a blessed +0 robe (being worn) C - a +0 leather armor (being worn) Comestibles P - a C-ration s - a candy bar labeled "Berry Bar" i - a food ration f - 5 fortune cookies Z - 2 K-rations Y - 2 pancakes Scrolls S - a scroll of amnesia V - a blessed scroll of blank paper t - a scroll of earth M - a cursed scroll of earth o - a scroll of enchant armor m - a scroll of genocide v - a scroll of light L - a scroll of teleportation Spellbooks D - a blessed spellbook of cause fear e - a blessed spellbook of confuse monster Potions B - a cursed potion of hallucination U - a potion of holy water j - a potion of unholy water Rings K - a blessed +1 ring of gain strength (on right hand) H - a cursed ring of invisibility I - a ring of polymorph control Q - a ring of regeneration F - a ring of shock resistance (on left hand) l - a ring of slow digestion Wands O - a wand of digging (0:5) y - a wand of digging (0:2) E - a cursed wand of enlightenment (0:14) W - a wand of light (0:14) d - a wand of lightning (0:2) G - a wand of nothing (0:5) T - a wand of probing (0:4) u - a cursed wand of speed monster (0:6) n - a wand of striking named empty (0:0) q - a wand of undead turning (0:6) Tools h - a blindfold R - a brass lantern p - a +0 pick-axe k - a skeleton key w - a tin whistle z - a blessed +0 unicorn horn Gems/Stones r - a flint stone Xororand the Priest's attributes: Background: You were a Priest, level 10 human. You were neutral, on a mission for The Lady who was opposed by Blind Io (lawful) and Offler (chaotic). You were in the Gnomish Mines, on level 9. You entered the dungeon 15332 turns ago. There was a new moon in effect when your adventure ended. You had 6949 experience points, 3051 more were needed to attain level 11. Your score was 30598 before end-of-game adjustments. Basics: You had 0 out of 90 hit points. You had 3 out of 117 energy points (spell power). Your armor class was 1. Your wallet contained 436 zorkmids. Autopickup was off. Final Characteristics: Your strength was 18/01 (base:18, limit:18/100). Your dexterity was 14 (peak:15, limit:18). Your constitution was 17 (limit:18). Your intelligence was 13 (limit:18). Your wisdom was 17 (limit:18). Your charisma was 9 (limit:18). Final Status: You were temporarily blind. You were engulfed by the ochre jelly. You were satiated. You were unencumbered. You were wielding a mace. You had expert skill with mace. Final Attributes: You were piously aligned. You were sleep resistant. You were shock resistant. Your items were protected from electric shocks. You were poison resistant. You were telepathic. You were guarded. You had reflection. You are dead. Miscellaneous: You never encountered a bones level. Total elapsed playing time was 1 hour, 52 minutes and 34 seconds. Major events: Turn 1: xororand the neutral human Priest entered the dungeon 720: entered the Gnomish Mines 1467: attained the rank of Acolyte (level 3) 2762: attained the rank of Adept (level 6) 3626: reached Mine Town 5565: entered Sokoban 5988: completed 1st Sokoban level 6947: completed 2nd Sokoban level 7335: completed 3rd Sokoban level 8877: completed 4th Sokoban level 9140: acquired the Sokoban amulet of reflection 10318: attained the rank of Priest (level 10) 10740: entered the Bigroom 15332: killed by an ochre jelly Vanquished creatures: 2 giant mimics an ice troll a large mimic a stalker 2 small mimics 2 warhorses 3 xans an ettin mummy 3 ogre leaders a quantum mechanic 6 trolls a large dog a freezing sphere 2 tigers 3 dwarf rulers 2 tengu a leocrotta 3 stone giants a red naga a pit viper 2 wraiths 2 ettin zombies 3 soldiers 2 crocodiles 3 giant beetles 2 quivering blobs 4 cockatrices 3 wolves a winter wolf cub 2 lynxes a panther 3 gremlins 7 leprechauns 2 giant spiders a scorpion 3 horses an ice vortex 2 black lights a vampire bat 2 gnome rulers a dwarf mummy an ogre 2 brown puddings a rust monster a gold golem a werewolf 2 Green-elves 7 lizards 2 dingoes 2 dogs a white unicorn a black unicorn 2 gnome mummies 3 snakes 5 water moccasins 2 human zombies 4 rope golems 2 Woodland-elves 2 soldier ants a fire ant a bugbear 2 imps 4 wood nymphs 2 mountain nymphs a Mordor orc an orc shaman 4 rock piercers 2 rock moles 7 yellow lights a shrieker 4 violet fungi 19 gnome leaders 4 gnomish wizards a kobold mummy a golden naga hatchling 3 elf zombies 2 ghouls 3 straw golems a paper golem 5 giant ants a little dog 3 floating eyes 18 dwarves 7 homunculi 3 kobold leaders a kobold shaman 4 hill orcs 6 rothes 2 centipedes 3 giant bats 6 monkeys a dwarf zombie 3 wererats 10 iguanas 11 killer bees a coyote a gas spore 4 hobbits 9 manes 2 large kobolds 5 hobgoblins 6 giant rats 7 cave spiders a yellow mold 3 green molds 56 gnomes 5 garter snakes 2 gnome zombies 10 geckos 7 jackals a fox a kobold 8 goblins 6 sewer rats 11 grid bugs 2 bats 8 lichens 3 kobold zombies 11 newts 445 creatures vanquished. No species were genocided or became extinct. Voluntary challenges: You read items or engraved 26 times. You engraved Elbereth 8 times. You never genocided any monsters. You never polymorphed an object. You never changed form. You used no wishes. You violated the special Sokoban rules once. Achievements: You entered the Gnomish Mines. You attained the rank of Acolyte. You entered a shop. You attained the rank of Adept. You entered Minetown. You entered a temple. You entered Sokoban. You completed Sokoban. You attained the rank of Priest. You entered the Big Room. The Dungeons of Doom: levels 1 to 11 Level 1: A fountain. Level 2: Stairs down to The Gnomish Mines. Level 3: Level 4: A general store. Level 5: A sink. Level 6: Many fountains. Oracle of Delphi. Level 7: An altar to The Lady, a fountain. Stairs up to Sokoban, level 6. Level 8: An altar, a grave. Level 9: Level 10: Level 11: A very big room. The Gnomish Mines: levels 3 to 10 Level 3: Level 4: Level 5: Level 6: Many shops, a temple and an altar to The Lady, some fountains, a sink. Level 7: Level 8: Level 9: <- You were here. Final resting place for you, killed by an ochre jelly. Level 10: Sokoban: levels 6 up to 3 Level 3: Solved. Level 4: Solved. Level 5: Solved. Level 6: Solved. Game over: ---------- / \ / REST \ / IN \ / PEACE \ / \ | xororand | | 436 Au | | killed by an | | ochre jelly | | | | | | 2023 | *| * * * | * _________)/\\_//(\/(/\)/\//\/|_)_______ Goodbye xororand the Priest... You died in The Gnomish Mines on dungeon level 9 with 30555 points, and 436 pieces of gold, after 15332 moves. You were level 10 with a maximum of 90 hit points when you died.